 Dungeon Crawl Stone Soup version 0.25.1-2-g60ff931df9 (webtiles) character file.

Game seed: 1384736629895139720

74 moonlapse the Skirmisher (level 4, -1/41 HPs)
             Began as a Draconian Assassin on Sept 26, 2020.
             Slain by a hobgoblin (2 damage)
             ... led by Robin
             ... on level 2 of the Dungeon.
             The game lasted 00:01:38 (933 turns).

moonlapse the Skirmisher (Draconian Assassin)        Turns: 933, Time: 00:01:38

Health: -1/41      AC:  6    Str: 13    XL:     4   Next: 10%
Magic:  4/4        EV: 11    Int: 13    God:
Gold:   15         SH:  0    Dex: 12    Spells: 3/3 levels left

rFire    . . .     SeeInvis .   k - +2 dagger (freeze)
rCold    . . .     Gourm    .   (no shield)
rNeg     . . .     Faith    .   (armour unavailable)
rPois    .         Spirit   .   (helmet restricted)
rElec    .         Reflect  .   b - +0 cloak
rCorr    .         Harm     .   (no gloves)
MR       .....                  (no boots)
Stlth    ++........             (no amulet)
HPRegen  0.00/turn              (no ring)
MPRegen  0.09/turn              (no ring)

@: stab
A: unfitting armour, high mp 1, inhibited regeneration, evolution 1,
cold-blooded, MP-powered wands, AC +5
a: no special abilities


You were on level 2 of the Dungeon.
You were not hungry.

You visited 1 branch of the dungeon, and saw 2 of its levels.

You collected 15 gold pieces.

Inventory:

Hand Weapons
 k - a +2 dagger of freezing (weapon)
   (You found it on level 1 of the Dungeon)
Missiles
 c - 3 poisoned darts (quivered)
 d - 4 curare-tipped darts
Armour
 b - a +0 cloak (worn)
 m - a +0 pair of gloves
   (You found it on level 1 of the Dungeon)
Scrolls
 g - a scroll of fear
 h - a scroll of amnesia {unknown}
Comestibles
 f - 2 rations
 i - 10 chunks of flesh {@w0@w0}


   Skills:
 + Level 4.9 Fighting
 - Level 2.0 Short Blades
 - Level 1.7 Throwing
 - Level 0.8 Dodging
 - Level 3.6 Stealth


You had 3 spell levels left.
You didn't know any spells.
Your spell library was empty.

Dungeon Overview and Level Annotations

Branches:
Dungeon (2/15)

Altars:

Annotations:
D:2 Robin


Innate Abilities, Weirdness & Mutations

Your plain brown scales are hard. (AC +5)
You cannot fit into any form of body armour.
You are cold-blooded and may be slowed by cold attacks.
You have an increased reservoir of magic. (+10% MP)
You do not regenerate when monsters are visible.
You evolve.
You expend magic power (3 MP) to strengthen your wands.


Message History

A goblin comes into view. It is wielding a +0 club.
Things that are here:
a +0 club; a goblin corpse Robin throws the goblin at you!
You take 2 damage, and have 35/41 hp.
You hit the goblin. You freeze the goblin.
You kill the goblin!
The goblin hits you with a +0 club.
You take 3 damage, and have 32/41 hp.
Things that are here:
a +0 dagger; a goblin corpse Robin throws the goblin at you!
The goblin hits you but does no damage.
You closely miss the goblin. The goblin hits you with a +0 club.
You take 5 damage, and have 28/41 hp.
You closely miss the goblin. The goblin barely misses you.
The goblin hits you with a +0 club.
You take 1 damage, and have 27/41 hp.
You closely miss the goblin. The goblin barely misses you.
The goblin hits you with a +0 club.
You take 2 damage, and have 25/41 hp.
You hit the goblin. You freeze the goblin.
You kill the goblin!
The goblin no longer looks unusually strong.
The hobgoblin no longer looks unusually strong.
You see here a goblin corpse.
The goblin no longer looks unusually strong.
Robin's bangles clink loudly.
The goblin closely misses you.
You barely miss the goblin. The goblin hits you but does no damage.
You hit the goblin. You freeze the goblin. You hit the goblin.
You freeze the goblin.
You kill the goblin!
Robin roars a battlecry!
The goblins go into a battle-frenzy!
You hit the goblin. You freeze the goblin.
You kill the goblin!
You hit the hobgoblin. You freeze the hobgoblin.
The hobgoblin hits you but does no damage.
You barely miss the hobgoblin. The hobgoblin closely misses you.
You closely miss the hobgoblin. The hobgoblin closely misses you.
You hit the hobgoblin. You freeze the hobgoblin.
Your tail-slap misses the hobgoblin.
Robin hits you from afar with a +0 trident.
The hobgoblin barely misses you.
You take 4 damage, and have 23/41 hp.
You are too injured to fight recklessly!
You are too injured to fight recklessly!
You are too injured to fight recklessly!
You are too injured to fight recklessly!
You barely miss the hobgoblin. Robin barely misses you.
The hobgoblin barely misses you.
You closely miss the hobgoblin. Robin closely misses you.
The hobgoblin hits you but does no damage.
You hit the hobgoblin but do no damage. Robin completely misses you.
The hobgoblin hits you but does no damage.
You hit the hobgoblin but do no damage. Robin closely misses you.
You closely miss the hobgoblin.
Your tail-slap misses the hobgoblin.
The hobgoblin hits you but does no damage.
You closely miss the hobgoblin. Robin closely misses you.
The hobgoblin completely misses you.
You hit the hobgoblin but do no damage. The hobgoblin hits you.
Robin hits you but does no damage.
You take 5 damage, and have 19/41 hp.
You barely miss the hobgoblin.
The hobgoblin no longer looks unusually strong.
The hobgoblin hits you.
Robin hits you from afar with a +0 trident!
* * * LOW HITPOINT WARNING * * *
You take 9 damage, and have 10/41 hp.
MASSIVE DAMAGE!!
Robin roars a battlecry!
The hobgoblin goes into a battle-frenzy!
It was a potion of brilliance.
You feel clever all of a sudden. The hobgoblin misses you.
It was a potion of cancellation.
Your magical effects are unravelling.
You feel magically purged.
You feel a little less clever now.
The hobgoblin hits you but does no damage.
Robin hits you from afar with a +0 trident!
* * * LOW HITPOINT WARNING * * *
You take 8 damage, and have 3/41 hp.
It was a potion of stabbing.
You feel ready to backstab. The hobgoblin barely misses you.
Robin hits you from afar with a +0 trident.
* * * LOW HITPOINT WARNING * * *
You take 2 damage, and have 1/41 hp.
It was a potion of mutation.
You feel extremely strange.
Your regeneration stops near monsters.
You feel your magical essence link to the dungeon's wands.
You feel nature experimenting on you.
Don't worry, failures die fast.
You feel more energetic.
The hobgoblin hits you but does no damage.
As you read the scroll labeled SEAWKUTYAX, it crumbles to dust.
It is a scroll of identify.
g - a scroll of fear The hobgoblin hits you.
You die...

..#.. ..g#
################g..
#...g.....†.).)...#
#.###############.#
#.## #.# #.g# #.#
##g# #.# #@# #.#
#.# #.# #.# #.# #.#
#.# #.# #.# ... #..
.#. #.. . . #.. ###


You could see Robin and a hobgoblin (strong).

Vanquished Creatures
  Terence (D:2)
  A gnoll (D:1)
  A dart slug (D:2)
  A leopard gecko (D:1)
  A bat (D:1)
  2 giant cockroaches (D:1)
  6 goblins
  12 jackals
  A kobold (D:1)
  A quokka (D:2)
  2 frilled lizards (D:1)
  2 rats (D:1)
31 creatures vanquished.

Notes
Turn   | Place    | Note
-------+----------+-------------------------------------------
     0 | D:1      | moonlapse the Draconian Assassin began the quest for the
                  | Orb.
     0 | D:1      | Reached XP level 1. HP: 17/17 MP: 1/1
   148 | D:1      | Reached skill level 3 in Fighting
   148 | D:1      | Reached XP level 2. HP: 26/26 MP: 2/2
   396 | D:1      | Reached XP level 3. HP: 30/33 MP: 3/3
   400 | D:1      | Reached skill level 4 in Fighting
   847 | D:2      | Noticed Terence
   852 | D:2      | Killed Terence
   852 | D:2      | Reached XP level 4. HP: 41/41 MP: 4/4
   881 | D:2      | Noticed Robin
   922 | D:2      | HP: 10/41 [Robin/+0 trident (8)]
   927 | D:2      | HP: 3/41 [Robin/+0 trident (8)]
   928 | D:2      | HP: 1/41 [Robin/+0 trident (2)]
   929 | D:2      | Gained mutation: You do not regenerate when monsters are
                  | visible. [potion of mutation]
   929 | D:2      | Gained mutation: You expend magic power (3 MP) to
                  | strengthen your wands. [potion of mutation]
   929 | D:2      | Gained mutation: You evolve. [potion of mutation]
   929 | D:2      | Gained mutation: You have an increased reservoir of magic.
                  | (+10% MP) [potion of mutation]
   933 | D:2      | Slain by a hobgoblin

Illustrated notes

Levels and vault maps discovered:
D:1:      lightli_arrival_quake, layout_loops_ring
D:2:      layout_loops_ring, old_standard_altar, uniq_robin, uniq_sigmund,
          uniq_terence

Skill      XL: |  1  2  3 |
---------------+----------+-----
Fighting       | 3 4 |  4.9
Short Blades   | |  2.0
Throwing       | |  1.7
Dodging        | |  0.8
Stealth        | |  3.6

Action                   |  1- 3 |  4- 6 || total
-------------------------+-------+-------++-------
Melee: Dagger            |    50 |    27 ||    77
       Tailslap          |    10 |       ||    10
Throw: Dart              |    43 |     4 ||    47
  Use: Potion            |       |     4 ||     4
       Scroll            |       |     1 ||     1
 Stab: Sleeping          |     1 |       ||     1
Armor: Skin              |    17 |    15 ||    32
Dodge: Dodged            |    18 |    21 ||    39

Levels and vault maps discovered:
D:1:      lightli_arrival_quake, layout_loops_ring
D:2:      layout_loops_ring, old_standard_altar, uniq_robin, uniq_sigmund,
          uniq_terence

Table legend:
 A = Turns spent in this place as a percentage of turns spent in the entire game.
 B = Non-inter-level travel turns spent in this place as a percentage of non-inter-level travel turns spent in the entire game.
 C = Inter-level travel turns spent in this place as a percentage of turns spent in this place.
 D = Turns resting spent in this place as a percentage of non-inter-level travel turns spent in this place.
 E = Turns spent auto-exploring this place as a percentage of non-inter-level travel turns spent in this place.
 F = Non-inter-level travel turns spent in this place divided by the number of levels of this place that you've seen.
                   A       B       C       D       E      F
               +-------+-------+-------+-------+-------+----------------------
         Total | 100.0 | 100.0 |   4.8 |   0.0 |  77.9 | 444.0
       Dungeon | 100.0 | 100.0 |   4.8 |   0.0 |  77.9 | 444.0
               +-------+-------+-------+-------+-------+----------------------

Table legend:
 A = Kills in this place as a percentage of kills in entire the game.
 B = Kills by you in this place as a percentage of kills by you in the entire game.
 C = Kills by friends in this place as a percentage of kills by friends in the entire game.
 D = Other kills in this place as a percentage of other kills in the entire game.
 E = Experience gained in this place as a percentage of experience gained in the entire game.
 F = Experience gained in this place divided by the number of levels of this place that you have seen.
                   A       B       C       D       E      F
               +-------+-------+-------+-------+-------+----------------------
         Total | 100.0 | 100.0 |   N/A |   N/A | 100.0 |  53.5
       Dungeon | 100.0 | 100.0 |   N/A |   N/A | 100.0 |  53.5
               +-------+-------+-------+-------+-------+----------------------
